cohdb
Replays
Latest Replays
All Replays
Popular Replays
Top Player Replays
Match Explorer
How It Works
Community
CoH3 Stats
Reddit
Sign in to upload your games and track your stats! →
Sign in with Steam
Match 20458040
Unlisted
Match 20458040
Overview
Messages
Build Orders
End
Kradschützen Motorcycle Team
Selects Italian Infantry
250 Light Carrier
Panzergrenadier Squad
Panzergrenadier Squad
Construct Light Support Kompanie
Construct Mechanized Kompanie
Support Armor Elements
Combat Half-tracks
Selects Guastatori Squad
Guastatori Squad
StuG III D Assault Gun
2.5-tonne Medical Truck
Panzerjäger Mechanized Group
Marder III Tank Destroyer
Selects Defensive Operations
Selects Registered Artillery
Construct Panzerarmee Kommand
Selects Towed Cannone da 105/28 Field Howitzer
Armored Reserves
Selects Prepared Positions
Panzer IV Assault Group
爬爬
Adi Konas
á's
Wolfiz
kerem
Dussan
0
0
Comments
sign in to comment!
No comments posted yet!